 Dungeon Crawl Stone Soup version 0.28.0-45-g0d030f2227 (webtiles) character file.

Game seed: 3600248525484438099

3234 zeratav the Geomancer (level 9, -3/60 HPs)
             Began as a Gargoyle Earth Elementalist on Apr 5, 2022.
             Shot with a sling bullet by Joseph (18 damage)
             ... on level 8 of the Dungeon.
             The game lasted 00:29:35 (10845 turns).

zeratav the Geomancer (GrEE)                       Turns: 10845, Time: 00:29:36

Health: -3/60      AC: 12    Str: 12    XL:     9   Next: 98%
Magic:  15/24      EV: 10    Int: 20    God:
Gold:   244        SH:  3    Dex: 10    Spells: 10/16 levels left

rFire   + . .      SeeInvis .   f - +3 dagger (flame)
rCold   . . .      Faith    .   D - +0 buckler
rNeg    + . .      Spirit   .   q - +1 ring mail
rPois   ∞          Reflect  .   (no helmet)
rElec   +          Harm     .   w - scarf {+Inv}
rCorr   .          Rampage  .   (no gloves)
Will    .....                   (no boots)
Stlth   +++.......              b - amulet of regeneration
HPRegen 1.00/turn               n - ring of wizardry
MPRegen 0.19/turn               i - ring of magical power

@: studying Stealth
A: sickness immunity, AC +6, negative energy resistance 1, electricity
resistance, torment resistance 1, petrification resistance, hooves 1, fire
resistance 1
a: Evoke Invisibility


You were on level 8 of the Dungeon.
You visited 2 branches of the dungeon, and saw 9 of its levels.

You collected 388 gold pieces.
You spent 144 gold pieces at shops.

Inventory:

Hand Weapons
 f - a +3 dagger of flaming (weapon)
 m - a +2 dagger of venom
Missiles
 c - 201 stones
 g - 4 atropa-tipped darts
Armour
 o - an orb of energy
 q - a +1 ring mail (worn)
 w - a scarf of invisibility (worn)
 B - a +0 cloak
 D - a +0 buckler (worn)
Jewellery
 b - an amulet of regeneration (around neck)
 i - a ring of magical power (right hand)
 l - a +4 ring of evasion
 n - a ring of wizardry (left hand)
 A - a ring of protection from cold
Wands
 t - a wand of mindburst (22)
 u - a wand of polymorph (7)
 y - a wand of acid (9)
 E - a wand of iceblast (6)
Scrolls
 a - a scroll of magic mapping
 k - 6 scrolls of teleportation
 p - a scroll of enchant armour
 s - a scroll of enchant weapon
 x - 2 scrolls of vulnerability
Potions
 d - 3 potions of mutation
 e - a potion of might
 h - 3 potions of lignification
 j - a potion of heal wounds
 r - 2 potions of curing
 v - a potion of haste {unknown}
 z - a potion of attraction {unknown}
 C - a potion of ambrosia


   Skills:
 * Level 8.7 Fighting
 - Level 1.5 Dodging
 + Level 9.1 Stealth
 + Level 4.4 Spellcasting
 - Level 0.7 Transmutations
 * Level 10.2 Earth Magic
 - Level 3.0 Evocations


You had 10 spell levels left.
You knew the following spells:

 Your Spells              Type           Power      Damage    Failure   Level
a - Sandblast             Erth           90%        2d19      1%          1
b - Stone Arrow           Conj/Erth      48%        3d10      6%          3
c - Passwall              Tmut/Erth      21%        N/A       2%          2

Your spell library contained the following spells:

 Spells                   Type           Power      Damage    Failure   Level
 Petrify                  Tmut/Erth      26%        N/A       16%         4
 Gell's Gravitas          Tloc           4%         N/A       41%         3
 Lesser Beckoning         Tloc           4%         N/A       41%         3
 Teleport Other           Tloc           4%         N/A       41%         3
 Dispel Undead            Necr           4%         3d7       80%         4
 Iron Shot                Conj/Erth      12%        9d3       95%         6
 Death Channel            Necr           2%         N/A       100%        6
 Sublimation of Blood     Necr           Unusable   N/A       N/A         2

Dungeon Overview and Level Annotations

Branches:
Dungeon (8/15)             Temple (1/1) D:4
   Lair: D:8-11

Altars:
Ashenzari
Cheibriados
Dithmenos
Elyvilon
Fedhas
Gozag
Hepliaklqana
Kikubaaqudgha
Makhleb
Nemelex Xobeh
Qazlal
Ru
Uskayaw
Wu Jian
Xom
Yredelemnul
Zin
The Shining One

Shops:
D:3 :   D:5 *   D:8 =?

Annotations:
D:8 Joseph


Innate Abilities, Weirdness & Mutations

You are immune to sickness and miasma.
Your stone body is resilient. (AC +6)
You are immune to poison.
You resist negative energy. (rN+)
You are resistant to electric shocks. (rElec)
You are resistant to unholy torment.
You are immune to petrification.
You have large cloven feet.
Your flesh is heat resistant. (rF+)


Message History

Nothing appears to happen.
Joseph shoots a sling bullet.
The sling bullet hits you.
The stone arrow hits Joseph!
Joseph is heavily wounded.
Joseph shoots a sling bullet.
The sling bullet barely misses you.
The stone arrow misses Joseph.
Joseph shoots a sling bullet.
The sling bullet hits you!
The stone arrow hits Joseph!
Joseph is severely wounded.
Joseph shoots a sling bullet.
The sling bullet closely misses you.
The stone arrow misses Joseph.
You miscast Stone Arrow.
Nothing appears to happen.
Joseph shoots a sling bullet.
The sling bullet hits you!
You are too injured to fight recklessly!
Joseph shoots a sling bullet.
The sling bullet hits you.
Joseph shoots a sling bullet.
The sling bullet barely misses you.
Joseph shoots a sling bullet.
The sling bullet hits you!
Joseph shoots a sling bullet.
The sling bullet hits you!
* * * LOW HITPOINT WARNING * * *
Joseph shoots a sling bullet.
The sling bullet hits you!
* * * LOW HITPOINT WARNING * * *
You are confused.
You feel invigorated.
Joseph shoots a sling bullet.
The sling bullet barely misses you.
Joseph shoots a sling bullet.
The sling bullet hits you!
* * * LOW HITPOINT WARNING * * *
You feel less invigorated.
You feel less confused.
Your magical contamination has completely faded away.
You are too injured to fight recklessly!
You are too injured to fight recklessly!
Casting: Stone Arrow (dangerous; 6% risk of failure)
Confirm with . or Enter, or press ? or * to list all spells.
Aiming: Stone Arrow (dangerous; 6% risk of failure)
Press: ? - help, Shift-Dir - straight line, f/p - Joseph
Aim: Joseph, wielding a +0 hunting sling, wearing a +0 leather armour and quivering sling bullets (severely wounded, 71% to hit)
The stone arrow hits Joseph!
Joseph is almost dead.
Joseph shoots a sling bullet.
The sling bullet hits you!!
You die...

....###.###..#.....#
....#...#....#.....#
....#...#....'.....#
....#...#....#.....#
....#...#....#.....#
....###.###..#.....#
##....#.###'##.....#
.#....#..#...#.....#
.+....#..#...#..@..#
.#....+..'...#.....#
##....#..##..#.....#
#.....#..#####...@.#
# #.....#..# #.....#
.# +.)...#..#
#.....#..#
#.....##'##
#.....'..#
..........#
#.....#..#
..........#
#.....#..#


You could see Joseph.

Vanquished Creatures
  Pikel (D:7)
  A troll (D:8)
  A wyvern (D:8)
  2 black bears
  An orc warrior (D:8)
  Duvessa (D:6)
  2 ice beasts
  A centaur (D:7)
  3 ogres
  A phantom (D:5)
  2 lemures (D:7)
  2 kobold brigands
  2 bullfrogs (D:8)
  3 scorpions
  Dowan (D:6)
  4 wights (D:7)
  A howler monkey (D:4)
  A bullfrog skeleton (D:6)
  A centaur zombie (D:8)
  2 hounds
  3 jellies
  2 gnoll shamans
  Terence (D:3)
  4 iguanas
  4 orc wizards
  A killer bee zombie (D:7)
  A hound skeleton (D:2)
  Robin (D:4)
  8 gnolls
  7 adders
  A howler monkey skeleton (D:7)
  A white imp (D:7)
  5 dart slugs
  12 orcs
  7 ball pythons
  10 endoplasms
  4 giant cockroaches
  11 hobgoblins
  4 jackals
  4 quokkas
  4 bats
  6 frilled lizards
  12 goblins
  12 kobolds
  5 rats
163 creatures vanquished.

Vanquished Creatures (others)
  A plant (D:4)
1 creature vanquished.

Grand Total: 164 creatures vanquished

Notes
Turn   | Place    | Note
-------+----------+-------------------------------------------
     0 | D:1      | zeratav the Gargoyle Earth Elementalist began the quest for
                  | the Orb.
     0 | D:1      | Reached XP level 1. HP: 10/10 MP: 3/3
    33 | D:1      | Found a faded altar of an unknown god.
   621 | D:1      | Reached skill level 1 in Fighting
   621 | D:1      | Reached XP level 2. HP: 11/16 MP: 3/5
   731 | D:1      | Reached skill level 4 in Earth Magic
  1374 | D:1      | Got the Handbook of Ashen Evil Rites
  1391 | D:1      | Reached XP level 3. HP: 20/20 MP: 4/6
  2245 | D:2      | Reached XP level 4. HP: 24/27 MP: 7/7
  3036 | D:3      | Learned a level 3 spell: Stone Arrow
  3039 | D:3      | Learned a level 2 spell: Passwall
  3089 | D:3      | Noticed Terence
  3120 | D:3      | Killed Terence
  3121 | D:3      | Reached skill level 5 in Earth Magic
  3340 | D:3      | Reached XP level 5. HP: 32/32 MP: 7/9
  3460 | D:3      | Found Mirhuzam's Book Shoppe.
  3667 | D:3      | Gained mutation: You have large cloven feet. [potion of
                  | mutation]
  3667 | D:3      | Gained mutation: Your flesh is heat resistant. (rF+)
                  | [potion of mutation]
  4269 | D:4      | Found a staircase to the Ecumenical Temple.
  4284 | Temple   | Entered the Ecumenical Temple
  4625 | D:4      | Found an opulent altar of Gozag.
  4647 | D:4      | Reached XP level 6. HP: 37/37 MP: 10/10
  4653 | D:4      | Noticed Robin
  4774 | D:4      | Killed Robin
  5149 | D:5      | Entered Level 5 of the Dungeon
  5153 | D:5      | Reached skill level 6 in Earth Magic
  5376 | D:5      | Found a basalt altar of Yredelemnul.
  5457 | D:5      | Reached XP level 7. HP: 44/44 MP: 12/12
  5600 | D:5      | Found a burning altar of Makhleb.
  5765 | D:5      | Found Asuiq's Neck Hole.
  5772 | D:5      | Bought a scarf of invisibility for 144 gold pieces
  5794 | D:5      | Reached skill level 5 in Fighting
  5794 | D:5      | Reached skill level 5 in Stealth
  5856 | D:5      | Reached skill level 7 in Earth Magic
  5859 | D:5      | Found a hazy altar of Hepliaklqana.
  6274 | D:5      | Found a hide-covered altar of Uskayaw.
  6326 | D:6      | Reached XP level 8. HP: 50/50 MP: 7/13
  6458 | D:6      | Reached skill level 1 in Evocations
  7293 | D:6      | Noticed Dowan
  7296 | D:6      | Noticed Duvessa
  7303 | D:6      | Killed Duvessa
  7309 | D:6      | Killed Dowan
  7484 | D:6      | Reached skill level 8 in Earth Magic
  7622 | D:6      | Found a glowing silver altar of Zin.
  8253 | D:7      | Reached XP level 9. HP: 47/57 MP: 13/14
  8733 | D:7      | Noticed Pikel
  8984 | D:7      | Reached skill level 9 in Earth Magic
  9302 | D:7      | Found an ancient bone altar of Kikubaaqudgha.
  9302 | D:7      | Found a sparkling altar of Nemelex Xobeh.
  9406 | D:7      | Killed Pikel
 10146 | D:8      | Found Medos's Magic Scroll Boutique.
 10305 | D:8      | Reached skill level 10 in Earth Magic
 10323 | D:8      | Noticed a troll
 10340 | D:8      | Killed a troll
 10634 | D:8      | Found Deitoom's Jewellery Shop.
 10808 | D:8      | Found a blossoming altar of Fedhas.
 10825 | D:8      | Noticed Joseph
 10845 | D:8      | Shot with a sling bullet by Joseph

Illustrated notes

Levels and vault maps discovered:
D:1:      minmay_arrival_plants_in_alcoves, layout_basic,
          hellmonk_ecumenical_altar_pennies_from_heaven,
          amcnicky_mini_rare_corridor_liquid
D:2:      layout_loops_cross, chequers_garden, corexii_corridor_pit, st_stairs_4
D:3:      layout_rooms, serial_shops, nicolae_shop_waterfront,
          nicolae_concentric_dashed_squares_mild, st_stairs_4, uniq_terence,
          uniq_crazy_yiuf_cottage
D:4:      layout_basic, mainiacjoe_overflow_surrounded_room,
          minmay_temple_entry_slanted, serial_corexii_hall,
          corexii_hall_statues_deadend, chequers_hall_statues_y,
          serial_bayou_pond_d, sigmund_army, uniq_robin
D:5:      layout_rooms, nicolae_hepliaklqana_hippocampus,
          nicolae_uskayaw_dance_hall, mainiacjoe_overflow_boulevard,
          lemuel_round_altar, minmay_holes, nicolae_shop_sticking_my_neck_out
D:6:      layout_gridville, kennysheep_little_box, uniq_duvessa
D:7:      layout_basic, gammafunk_temple_overflow_elements, uniq_pikel
D:8:      layout_gridville, kennysheep_mini_moat, serial_shops, shop, shop,
          shop_scrolls, nicolae_shop_window_shopping, minmay_starry_boxes,
          uniq_joseph
Temple:   compressed_dpeg_triangle_lava_temple

Skill      XL: |  1  2  3  4  5  6  7  8  9 |
---------------+----------------------------+-----
Fighting       | 1 2 3 4 5 7 8 |  8.7
Earth Magic    | 4 5 6 7 8 10 | 10.2
Stealth        | 3 4 5 7 9 |  9.1
Spellcasting   | 3 4 |  4.4
Evocations     | 2 3 |  3.0
Dodging        | |  1.5
Transmutations | |  0.7

Action                   |  1- 3 |  4- 6 |  7- 9 || total
-------------------------+-------+-------+-------++-------
Melee: Dagger            |    78 |    37 |    49 ||   164
       Unarmed           |     1 |       |       ||     1
       Punch             |     1 |     1 |     1 ||     3
       Kick              |       |     3 |     9 ||    12
 Cast: Sandblast         |    30 |    58 |       ||    88
       Stone Arrow       |       |     8 |   147 ||   155
  Use: Scroll            |       |     6 |    12 ||    18
       Potion            |       |     1 |     1 ||     2
 Stab: Sleeping          |     1 |     1 |       ||     2
Armor: Robe              |    38 |    13 |       ||    51
       Ring mail         |       |     6 |    14 ||    20
       Leather armour    |       |     1 |       ||     1
       Animal skin       |       |     1 |    23 ||    24
Dodge: Dodged            |    57 |    30 |    43 ||   130
Block: Buckler           |       |       |     3 ||     3
